 Dungeon Crawl Stone Soup version 0.29.1-2-gbd0b4ee654 (webtiles) character file.

Game seed: 875742726702282472

6176 hawla the Zephyrmancer (level 11, -4/78 HPs)
             Began as a Meteoran Ice Elementalist on Nov 2, 2022.
             Slain by a yak (10 damage)
             ... on level 11 of the Dungeon on Nov 3, 2022.
             The game lasted 00:32:39 (5701 turns).

hawla the Zephyrmancer (Meteoran Ice Elementalist)  Turns: 5701, Time: 00:32:41

Health: -4/78      AC:  6    Str: 16    XL:     11   Next: 35%
Magic:  34/34      EV: 13    Int: 20    God:
Gold:   271        SH:  0    Dex: 15    Spells: 12/28 levels left

rFire   . . .      SeeInvis +   x - +7 long sword "Ofiple" {vorpal, Str+3}
rCold   . . .      Faith    .   (no shield)
rNeg    . . .      Spirit   .   a - +1 robe
rPois   .          Reflect  .   u - +2 helmet
rElec   .          Harm     .   z - +0 cloak
rCorr   .          Rampage  .   t - +0 pair of gloves
Will    ++...                   (no boots)
Stlth   +.........              (no amulet)
HPRegen 0.23/turn               b - ring of magical power
MPRegen 0.24/turn               q - ring of see invisible

@: about to teleport, corroded, slowed, glowing, very slow
A: sense surroundings 2, otherworldly, glowing, explore regen, iridescent scales
1, strong-willed 1, strong 1
a: no special abilities


You were on level 11 of the Dungeon.
You visited 1 branch of the dungeon, and saw 11 of its levels.

You collected 495 gold pieces.
You spent 224 gold pieces at shops.

Inventory:

Hand Weapons
 m - a +1 great sword of flaming
 x - the +7 long sword "Ofiple" (weapon) {vorpal, Str+3}
   (You took it off an orc on level 8 of the Dungeon)

   It inflicts extra damage upon your enemies.
   Str:       It affects your strength (+3).
 F - the +1 whip "Killer Bee's Death" {spect, Dex+3}
   (You found it on level 9 of the Dungeon)

   When its wielder attacks, the weapon's spirit leaps out and strikes again.
   The spirit shares a part of any damage it takes with its wielder.
   Dex:       It affects your dexterity (+3).
Armour
 a - a +1 robe (worn)
 p - the +4 ring mail of Words of Power {rPois rF+ Will+ Dex+3}
   (You found it on level 4 of the Dungeon)

   Dex:       It affects your dexterity (+3).
   rF:        It protects you from fire.
   rPois:     It protects you from poison.
   Will:      It increases your willpower.
 t - a +0 pair of gloves (worn)
 u - a +2 helmet (worn)
 z - a +0 cloak (worn)
Jewellery
 b - a ring of magical power (left hand)
 q - a ring of see invisible (right hand)
Wands
 i - a wand of flame (12) (quivered)
 B - a wand of roots (18)
 C - a wand of charming (3)
Scrolls
 k - 2 scrolls of poison
 l - 2 scrolls of enchant armour
 o - a scroll of brand weapon
 v - 2 scrolls of identify
 w - a scroll of fog {unknown}
 y - 2 scrolls of vulnerability {unknown}
Potions
 c - 2 potions of heal wounds
 e - 3 potions of haste
 f - 2 potions of lignification {unknown}
 g - 2 potions of ambrosia
 h - 3 potions of flight
 j - a potion of might {unknown}
 n - 3 potions of attraction {unknown}
 r - 5 potions of curing
 D - a potion of degeneration {unknown}
 E - a potion of cancellation {unknown}


   Skills:
 - Level 1.6 Fighting
 - Level 1.7 Long Blades
 - Level 4.3 Dodging
 - Level 1.4 Stealth
 - Level 9.1 Spellcasting
 - Level 6.9 Conjurations
 + Level 1.4 Necromancy
 - Level 9.4 Ice Magic
 - Level 11.5 Air Magic
 - Level 2.0 Evocations


You had 12 spell levels left.
You knew the following spells:

 Your Spells              Type           Power      Damage    Failure   Level
a - Freeze                Ice            100%       1d11      1%          1
b - Frozen Ramparts       Ice            92%        1d14      1%          3
c - Hailstorm             Conj/Ice       41%        3d10      2%          4
d - Airstrike             Air            26%        2d(4-20)  1%          4
e - Dispel Undead         Necr           14%        3d10      38%         4

Your spell library contained the following spells:

 Spells                   Type           Power      Damage    Failure   Level
 Static Discharge         Conj/Air       46%        3-9/arc   1%          2
 Ozocubu's Armour         Ice            46%        N/A       1%          3
 Lightning Bolt           Conj/Air       23%        1d38      4%          5
 Summon Lightning Spire   Summ/Air       32%        N/A       7%          4
 Sticky Flame             Conj/Fire      23%        2d4       19%         4
 Confusing Touch          Hex            9%         N/A       22%         3
 Animate Dead             Necr           14%        N/A       38%         4
 Yara's Violent Unravell  Hex/Tmut       4%         3d4       91%         5
 Enfeeble                 Hex            4%         N/A       100%        7
 Haunt                    Necr/Summ      6%         N/A       100%        7
 Infestation              Necr           7%         N/A       100%        8


Dungeon Overview and Level Annotations

Branches:
Dungeon (11/15) Zot: 1049  Temple (0/1) D:6
   Lair: D:8-11         Orc: D:9-12

Altars:
Dithmenos
Hepliaklqana
Nemelex Xobeh
Qazlal
Vehumet
Zin

Shops:
D:6 (

Annotations:
D:3 3 runed translucent doors, styxcanada's ghost, amateur SpBr
D:4 3 runed translucent doors, nshep25's ghost, weakling HuDe


Innate Abilities, Weirdness & Mutations

You passively map the area around you.
You are easily found by Zot.
You glow in the dark.
You regain HP and MP as you explore.
You are partially covered in iridescent scales. (AC +2)
You are strong-willed. (Will+)
Your muscles are strong. (Str +4, Int/Dex -1)


Message History

The vampire mosquito bites you!
* * * LOW HITPOINT WARNING * * *
The vampire mosquito draws strength from your injuries!
The vampire mosquito bites you.
* * * LOW HITPOINT WARNING * * *
The vampire mosquito draws strength from your injuries!
The vampire mosquito closely misses you.
The vampire mosquito attacks as you move away!
The vampire mosquito bites you.
* * * LOW HITPOINT WARNING * * *
The vampire mosquito draws strength from your injuries!
The vampire mosquito completely misses you.
The vampire mosquito bites you but does no damage.
The yak closely misses you.
The vampire mosquito bites you but does no damage.
As you read the scroll of teleportation, it crumbles to dust.
You feel strangely unstable. The vampire mosquito bites you.
* * * LOW HITPOINT WARNING * * *
The vampire mosquito draws strength from your injuries!
The vampire mosquito barely misses you. The yak gores you but does no damage.
The yak completely misses you.
The vampire mosquito closely misses you.
The vampire mosquito bites you but does no damage.
The yak gores you.
* * * LOW HITPOINT WARNING * * *
The yak misses you. The yak gores you.
* * * LOW HITPOINT WARNING * * *
As you read the scroll of fear, it crumbles to dust.
You assume a fearsome visage.
The yak looks frightened!
The yak easily resists.
The yak looks frightened! x4; The vampire mosquito is unaffected. x3
The acid dragon looks frightened!
The vampire mosquito bites you.
* * * LOW HITPOINT WARNING * * *
The vampire mosquito draws strength from your injuries!
The vampire mosquito barely misses you.
The vampire mosquito bites you but does no damage. x2
The vampire mosquito bites you.
* * * LOW HITPOINT WARNING * * *
The vampire mosquito draws strength from your injuries!
The vampire mosquito barely misses you. The yak gores you!
You die...

.#.#.#.... , *
...... .#>########
* ,
.......#.....=...#
.#####...........#
.. , ..#.......!.#
* * , , ...
#..........Y# ,,,
,
....***#.....Y...#
* ,, ....
#$......Yy##.# , ,
, #.....D..@y..# *
, * *
#......Y.y#### *
#....Y.Y..# *
####.###### * **
#.*** ** ** * , y.
, , ,# #.### *
###* * *
,#...#.#,,... ,
#.###.###.# + ,


You could see 6 yaks, an acid dragon (fleeing) and 3 vampire mosquitoes.

Vanquished Creatures
  Maurice (D:9)
  Maggie (D:6)
  A hornet (D:9)
  Sigmund (D:6)
  A shadow (D:10)
  Eustachio (D:5)
  3 wyverns
  3 yaks (D:8)
  2 steam dragons (D:9)
  A vampire mosquito (D:11)
  A swamp worm (shapeshifter) (D:9)
  2 orc warriors (D:9)
  2 sky beasts (D:7)
  2 centaurs
  A kobold brigand (D:7)
  3 bullfrogs
  2 gnoll sergeants (D:9)
  5 scorpions
  11 wights
  17 killer bees
  A howler monkey (D:4)
  2 hounds
  7 orc priests
  A gnoll bouda (D:9)
  2 jellies (D:4)
  4 iguanas
  9 orc wizards
  Robin (D:4)
  15 gnolls
  4 adders
  A white imp (D:6)
  2 ufetubi (D:5)
  2 dart slugs
  32 orcs
  9 ball pythons
  5 endoplasms
  12 goblins
  10 hobgoblins
  11 jackals
  3 quokkas
  8 bats
  2 frilled lizards
  14 kobolds
  4 rats
  A spectral hobgoblin (D:7)
223 creatures vanquished.

Notes
Turn   | Place    | Note
-------+----------+-------------------------------------------
     0 | D:1      | hawla the Meteoran Ice Elementalist began the quest for the
                  | Orb.
     0 | D:1      | Reached XP level 1. HP: 14/14 MP: 5/5
    94 | D:1      | Reached XP level 2. HP: 18/20 MP: 2/6
   172 | D:1      | Reached XP level 3. HP: 25/26 MP: 4/8
   173 | D:1      | Reached skill level 5 in Ice Magic
   182 | D:1      | Learned a level 3 spell: Frozen Ramparts
   366 | D:1      | Found a faded altar of an unknown god.
   500 | D:1      | Glimpsed the power of Zot.
   550 | D:1      | Glimpsed the power of Zot.
   590 | D:1      | Glimpsed the power of Zot.
   599 | D:1      | Touched by the power of Zot.
   681 | D:2      | Reached XP level 4. HP: 18/23 MP: 6/10
  1284 | D:3      | Gained mutation: Your muscles are strong. (Str +4, Int/Dex
                  | -1) [potion of mutation]
  1284 | D:3      | Gained mutation: You are partially covered in iridescent
                  | scales. (AC +2) [potion of mutation]
  1284 | D:3      | Gained mutation: You are strong-willed. (Will+) [potion of
                  | mutation]
  1364 | D:3      | Reached XP level 5. HP: 35/35 MP: 8/12
  1391 | D:3      | Found a runed translucent gate.
  1391 | D:3      | Found a runed translucent gate.
  1392 | D:3      | Found a runed translucent gate.
  1394 | D:3      | Noticed styxcanada's ghost (amateur SpBr)
  1401 | D:3      | Learned a level 4 spell: Hailstorm
  1745 | D:4      | Identified the +4 ring mail of Words of Power {rPois rF+
                  | Will+ Dex+3}
  1868 | D:4      | Reached skill level 1 in Conjurations
  1873 | D:4      | Reached XP level 6. HP: 41/45 MP: 7/13
  1960 | D:4      | Noticed nshep25's ghost (weakling HuDe)
  1960 | D:4      | Noticed an ice beast
  1964 | D:4      | Noticed an ice beast
  1996 | D:4      | Found a runed translucent gate.
  1996 | D:4      | Found a runed translucent gate.
  1996 | D:4      | Found a runed translucent gate.
  2068 | D:4      | Reached XP level 7. HP: 50/50 MP: 14/14
  2094 | D:4      | Reached skill level 5 in Conjurations
  2178 | D:4      | Noticed Robin
  2190 | D:4      | Killed Robin
  2456 | D:5      | Entered Level 5 of the Dungeon
  2577 | D:5      | Noticed Eustachio
  2588 | D:5      | Killed Eustachio
  2589 | D:5      | Reached skill level 5 in Spellcasting
  2589 | D:5      | Reached XP level 8. HP: 57/57 MP: 6/17
  2922 | D:5      | Found a glowing silver altar of Zin.
  2925 | D:5      | Found a shadowy altar of Dithmenos.
  2926 | D:5      | Found a stormy altar of Qazlal.
  2928 | D:5      | Found a sparkling altar of Nemelex Xobeh.
  3120 | D:6      | Noticed Maggie
  3128 | D:6      | Killed Maggie
  3129 | D:6      | Gained mutation: You passively map the area around you.
                  | [Meteoran growth]
  3129 | D:6      | Reached XP level 9. HP: 18/63 MP: 17/21
  3453 | D:6      | Noticed Sigmund
  3457 | D:6      | Killed Sigmund
  3471 | D:6      | Found Netwosak's Hydra Hut.
  3474 | D:6      | Noticed a six-headed hydra
  3482 | D:6      | Bought a +1 great sword of flaming for 224 gold pieces
  3694 | D:7      | Reached skill level 1 in Fighting
  3725 | D:7      | Reached skill level 1 in Long Blades
  3736 | D:7      | Reached XP level 10. HP: 29/72 MP: 8/23
  3818 | D:7      | Learned a level 4 spell: Airstrike
  3991 | D:7      | Found a hazy altar of Hepliaklqana.
  4214 | D:8      | Reached skill level 3 in Air Magic
  4215 | D:8      | Reached skill level 4 in Air Magic
  4223 | D:8      | Reached skill level 5 in Air Magic
  4275 | D:8      | Reached skill level 6 in Air Magic
  4415 | D:8      | Identified the +7 long sword "Ofiple" {vorpal, Str+3}
  4605 | D:8      | Reached skill level 7 in Air Magic
  4870 | D:8      | Glimpsed the power of Zot.
  4923 | D:9      | Reached skill level 8 in Air Magic
  4959 | D:9      | Identified the +1 whip "Killer Bee's Death" {spect, Dex+3}
  5043 | D:9      | Reached skill level 9 in Air Magic
  5151 | D:9      | Reached XP level 11. HP: 41/78 MP: 9/25
  5195 | D:9      | Noticed Maurice
  5200 | D:9      | Killed Maurice
  5201 | D:9      | Reached skill level 10 in Air Magic
  5260 | D:9      | Reached skill level 11 in Air Magic
  5459 | D:9      | Glimpsed the power of Zot.
  5489 | D:10     | Entered Level 10 of the Dungeon
  5660 | D:11     | Learned a level 4 spell: Dispel Undead
  5668 | D:11     | Reached skill level 1 in Necromancy
  5683 | D:11     | Found a radiant altar of Vehumet.
  5690 | D:11     | HP: 2/78 [wraith (11)]
  5691 | D:11     | Noticed a white ugly thing
  5701 | D:11     | Slain by a yak

Illustrated notes

Levels and vault maps discovered:
D:1:      psy_arrival_statuary, layout_loops_ring,
          hellmonk_ecumenical_altar_inner_sanctum
D:2:      layout_loops_cross
D:3:      layout_rooms, ebering_ghost_rock_garden
D:4:      layout_loops_ring, gammafunk_ghost_icy, minmay_bent, uniq_robin
D:5:      layout_loops_ring, minitemple, uniq_eustachio
D:6:      layout_layer_cave, minmay_temple_entry_glassed_door,
          doesnt_shop_hydraphobe, uniq_maggie, uniq_sigmund
D:7:      layout_loops_cross, nicolae_hepliaklqana_monster_ancestors,
          hangedman_glass_teeth, fountainhead
D:8:      layout_basic, lemuel_flamethrower_1
D:9:      layout_roguey, uniq_maurice
D:10:     cheibrodos_ideogram_h, layout_gridville, nicolae_uskayaw_suspiria,
          minmay_misc_feat_rugged, uniq_harold
D:11:     layout_roguey, gauntlet_entry_generic, nicolae_vehumet_radiance

Skill      XL: |  1  2  3  4  5  6  7  8  9 10 11 |
---------------+----------------------------------+-----
Ice Magic      | 5 6 7 9 |  9.4
Spellcasting   | 3 4 5 7 8 9 |  9.1
Conjurations   | 2 4 6 |  6.9
Dodging        | 3 4 |  4.3
Fighting       | 1 |  1.6
Long Blades    | 1 |  1.7
Air Magic      | 9 11 | 11.5
Evocations     | 2 |  2.0
Necromancy     | 1 |  1.4
Stealth        | |  1.4

Action                   |  1- 3 |  4- 6 |  7- 9 | 10-12 || total
-------------------------+-------+-------+-------+-------++-------
Melee: Unarmed           |     8 |    18 |    46 |       ||    72
       Punch             |     1 |     1 |       |     1 ||     3
       Great sword       |       |       |    17 |    34 ||    51
       Whip              |       |       |       |    24 ||    24
       Long sword        |       |       |       |     2 ||     2
 Cast: Freeze            |    32 |    25 |    54 |    16 ||   127
       Frozen Ramparts   |     7 |    23 |    23 |    24 ||    77
       Hailstorm         |       |       |    31 |    28 ||    59
  Use: Scroll            |       |     8 |     7 |     8 ||    23
       Potion            |       |     2 |     4 |     1 ||     7
Armor: Robe              |     7 |    16 |    63 |    60 ||   146
Dodge: Dodged            |    17 |    16 |    83 |    98 ||   214
